[Event "*** Titled Tuesday Blitz"]
[Site "Chess.com"]
[Date "2020.05.12"]
[Round "3"]
[White "VishnuPrasanna"]
[Black "Hikaru"]
[Result "1/2-1/2"]
[WhiteElo "2689"]
[BlackElo "3238"]
[TimeControl "180+1"]
[EndTime "10:31:11 PDT"]
[Termination "Game drawn - insufficient material"]

1. e4 c6 2. d4 d5 3. e5 Bf5 4. Nc3 e6 5. g4 Bg6 6. h4 h5 7.
Nge2 hxg4 8. Nf4 Bf5 9. h5 c5 10. Be3 cxd4 11. Qxd4 Ne7 12. O-O-O Nbc6 13. Qa4 a6 14.
Qb3 b5 15. Ncxd5 exd5 16. Nxd5 Nxd5 17. Rxd5 Qc7 18. Bg2 Be6 19. Rhd1 Be7 20. Qc3 Rc8 21. Rd6 Nxe5 22. Qxc7 Rxc7 23. Rxa6 O-O 24. Bf4 Rc5 25. b4 Rc4 26. Bxe5 Bg5+ 27. Kb2 Rxb4+ 28. Ka3 Rc4 29. c3 Rfc8 30. Bd5 Bxd5 31. Rxd5 f6 32. Bd4 Kh7 33.
Ra7 Kh6 34. Rdd7 Rg8 35. Kb3 Rcc8 36. Rab7 Ra8 37. Rxb5 Kxh5 38. a4 Kg6 39. a5 Bh4 40. c4 g3 41. fxg3 Bxg3 42. Ka4 Rgc8 43. c5 Bc7 44. Bc3 Bd8 45. Rbb7 Kf5 46. Rxg7 Rxc5 47. Rb5 Rxb5 48. Kxb5 Rb8+ 49. Kc4 Rc8+ 50. Kd3 Ra8 51. Rb7 Kg4 52. Rb4+ Kg5 53. Rb5+ f5 54. Ke3 Bc7 55.
Kf3 Rd8 56. Ke2 Re8+ 57. Kd3 Ra8 58. Kc4 Kg4 59. Rb7 Bxa5 60. Rg7+ Kf3 61. Bd4 Bd2 62. Kd3 Bf4 63. Rf7 Ra5 64. Bc3 Rc5 65. Bd4 Rb5 66.
Kc4 Ra5 67. Bc3 Ra4+ 68. Kb3 Ra8 69. Rxf5 Ke4 70. Rc5 Be3 71. Rc4+ Kd3 72. Rb4 Bc5 73. Rb7 Ra3+ 74. Kb2 Ra4 75. Rd7+ Kc4 76. Bd2 Bd4+ 77. Kc1 Kd3 78. Rb7 Ra1+ 79. Rb1 Ra3 80. Kd1 Ra2 81. Rb3+ Kc4 82. Rf3 Bc5 83. Rc3+ Kd4 84.
Rb3 Bd6 85. Rf3 Ke4 86. Re3+ Kd4 87. Rb3 Be5 88. Rb4+ Kc5 89. Re4 Kd5 90. Rg4 Bd4 91. Rg3 Kc4 92. Rf3 Ra8 93. Kc2 Rc8 94. Rh3 Rb8 95.
Bc1 Ra8 96. Rh4 Ra2+ 97. Kd1 Kd5 98. Rh5+ Ke4 99. Rh4+ Ke5 100. Rh5+ Ke6 101. Rh6+ Kf5 102. Rh5+ Kg4 103. Rd5 Bf6 104. Rd3 Ra1 105. Kc2 Be5 106. Bb2 Ra2 107. Rb3 Bf6 108. Kb1 Rxb2+ 109. Rxb2 Bxb2 1/2-1/2

[Event "*** Titled Tuesday Blitz"]
[Site "Chess.com"]
[Date "2020.05.12"]
[Round "3"]
[White "grzechu96"]
[Black "Onischuk_V"]
[Result "0-1"]
[WhiteElo "2605"]
[BlackElo "2822"]
[TimeControl "180+1"]
[EndTime "10:31:15 PDT"]
[Termination "Onischuk_V won on time"]

1. e4 d6 2. d4 Nf6 3. Nc3 g6 4. Nf3 Bg7 5. Be3 c6 6. Qd2 Qa5 7. h3 Nbd7 8. Bd3 O-O 9. O-O Qc7 10. a4 e5 11. dxe5 dxe5 12. Bc4 Nh5 13. Rfd1 Nf4 14. Qd6 Qxd6 15. Rxd6 Re8 16. Ng5 Re7 17. Rad1 Nf8 18. Rd8 h6 19. Bc5 Rc7 20. Bxf8 Bxf8 21. Nxf7 Rxf7 22.
R1d7 Bxd7 23. Rxd7 Nd5 24. Rxf7 Kxf7 25. exd5 Kg7 26.
dxc6 bxc6 27. Kf1 Re8 28. Ne4 Rd8 29. Ke2 Rd4 30. Bd3 Rxa4 31. b3 Ra1 32. Bc4 Bb4 33. c3 Be7 34. g3 a5 35. h4 a4 36. bxa4 Rxa4 37. Kd3 Ra1 38. Ke2 Bd8 39. Be6 Bb6 40. Bd7 Ra2+ 41. Kf3 c5 42. Be6 Ra4 43. Bd5 Ra3 44.
Ke2 Ba5 45. Kd3 Ra1 46. Nxc5 Rd1+ 47. Kc4 Bb6 48. Nd3 Rd2 49. Nxe5 Bxf2 50. g4 Bg3 51. Nf3 Rd1 52. h5 gxh5 53. gxh5 Kf6 54. Nd4 Be5 55. Bf3 Rf1 56. Be4 Rf4 57. Bg6 Rh4 58. Kd3 Bxd4 59. cxd4 Ke6 60. Kc4 Kd6 61. Bf7 Rf4 62. Bg6 Rf1 63.
Be4 Rc1+ 64. Kd3 Ke7 65. Ke3 Kf6 66. Bg6 Re1+ 67. Kd3 Kg5 68. Kc4 Kf4 69. d5 Ke5 70. Bf7 Kd6 71. Kd4 Rf1 72. Bg6 Rf4+ 73. Ke3 Ke5 74.
d6 Rd4 75. d7 Rd6 76. d8=Q Rxd8 77. Kf3 Rd4 78. Ke3 Rf4 79. Kd3 Rf3+ 80. Kc4 Re3 81. Bh7 Rh3 82. Bg6 Rh4+ 83. Kd3 Rh3+ 84. Kc4 Rh2 85. Kd3 Rh1 86. Kc4 Rh3 87. Bf7 Rh4+ 88. Kd3 Rd4+ 89. Kc3 Ke4 90. Bg6+ Ke3 91. Bf5 Rd5 92.
Bg6 Rc5+ 93. Kb4 Kd4 94. Kb3 Rb5+ 95. Kc2 Rb4 96. Bh7 Ke3 97. Kc3 Rf4 98. Bg6 Rd4 99.
Kc2 Rc4+ 100. Kb3 Kd4 101. Bh7 Rc3+ 102. Kb2 Rc5 0-1

[Event "*** Titled Tuesday Blitz"]
[Site "Chess.com"]
[Date "2020.05.12"]
[Round "3"]
[White "serhanberat_ozdemir"]
[Black "DLR7"]
[Result "0-1"]
[WhiteElo "2490"]
[BlackElo "2721"]
[TimeControl "180+1"]
[EndTime "10:31:15 PDT"]
[Termination "DLR7 won by resignation"]

1. e4 c5 2. Nf3 Nc6 3. Bb5 g6 4.
O-O Bg7 5. Re1 Nf6 6. c3 O-O 7. d4 cxd4 8. cxd4 d5 9. e5 Ne4 10. Bxc6 bxc6 11. Nbd2 Bf5 12. Nh4 Be6 13. Nxe4 dxe4 14.
Rxe4 c5 15. Nf3 Bd5 16. Re1 Bxf3 17. Qxf3 cxd4 18. Bg5 Rb8 19. b3 Rb5 20. Bf4 Qd5 21. Qd3 Rd8 22. Rac1 Rc5 23. Rxc5 Qxc5 24. h3 Qd5 25. g4 e6 26. Bg5 Rc8 27. Qe4 Qa5 28.
b4 Qxb4 29. Rb1 Qa4 30. Rb7 h6 31. Qf3 Qe8 32. Re7 Qf8 33. Bf6 Rd8 34. Rxa7 Bxf6 35.
Qxf6 Rd5 36. Kf1 d3 37. Ke1 g5 38. Rb7 Rd4 39. Qe7 Qxe7 40. Rxe7 d2+ 41. Kd1 Ra4 42. Rd7 Rxa2 43. Rxd2 Ra3 44. Ke2 Rxh3 45. Rd8+ Kg7 46. f3 Rh1 47. Rc8 Ra1 48. Ke3 Ra5 49. Ke4 Ra4+ 50.
Ke3 Rb4 51. Re8 Rb1 52. Rd8 Rh1 53. Rc8 h5 54. gxh5 Rxh5 55. Rc1 Kg6 56. Rc8 Kf5 57.
Rf8 Rh7 58. Rg8 Kxe5 59. Rxg5+ f5 60. Rg8 Rh1 61. f4+ Kf6 62. Rb8 Rh3+ 63. Kf2 Ra3 64. Rf8+ Kg7 65. Rb8 Ra4 66. Ke3 Re4+ 67. Kf3 Ra4 68.
Rb7+ Kg6 69. Rb8 Ra3+ 70. Kg2 Kh5 71. Rg8 Kh4 72. Rg6 Re3 73. Kf2 Re4 74. Kf3 Kh5 75. Rg8 Kh6 76. Rg1 Kh7 77. Rg2 Ra4 78. Re2 Ra3+ 79.
Kf2 Ra6 80. Kf3 Kg6 81. Rg2+ Kf6 82. Rh2 Ra3+ 83. Kf2 Ra2+ 84. Kg3 Rxh2 85. Kxh2 Ke7 86. Kg3 Kd6 87. Kf3 Kd5 88. Ke3 Kc4 89. Kf3 Kd3 90. Kg3 Ke3 0-1

[Event "*** Titled Tuesday Blitz"]
[Site "Chess.com"]
[Date "2020.05.12"]
[Round "4"]
[White "AleksanderHnydiuk"]
[Black "Mitronych"]
[Result "1-0"]
[WhiteElo "2583"]
[BlackElo "2291"]
[TimeControl "180+1"]
[EndTime "10:33:02 PDT"]
[Termination "AleksanderHnydiuk won by resignation"]

1. Nf3 Nf6 2. c4 g6 3. d4 Bg7 4. g3 O-O 5. Bg2 d6 6. Nc3 Nbd7 7. O-O a6 8. e4 Rb8 9. Qe2 b5 10. e5 Ne8 11. e6 fxe6 12. Ng5 Kh8 13. Nxe6 Nef6 14.
Nxd8 Rxd8 1-0

[Event "*** Titled Tuesday Blitz"]
[Site "Chess.com"]
[Date "2020.05.12"]
[Round "4"]
[White "HrvojeZagreb"]
[Black "StockholmMissile"]
[Result "1-0"]
[WhiteElo "2191"]
[BlackElo "2443"]
[TimeControl "180+1"]
[EndTime "10:33:18 PDT"]
[Termination "HrvojeZagreb won by resignation"]

1. d4 d5 2. Bf4 Nf6 3. e3 c5 4.
Nc3 cxd4 5. exd4 Nc6 6. Nb5 Qa5+ 7. c3 Kd7 8. Bc7 b6 9. a3 e6 10. b4 Nxb4 11. axb4 1-0

[Event "*** Titled Tuesday Blitz"]
[Site "Chess.com"]
[Date "2020.05.12"]
[Round "4"]
[White "jaskol95"]
[Black "Nikolaj_6"]
[Result "0-1"]
[WhiteElo "2257"]
[BlackElo "2565"]
[TimeControl "180+1"]
[EndTime "10:33:38 PDT"]
[Termination "Nikolaj_6 won by resignation"]

1. d4 Nf6 2. Bf4 g6 3. Nc3 d5 4. e3 a6 5. h4 h5 6. Nf3 Bg7 7. Be2 c5 8. dxc5 Qa5 9. O-O Qxc5 10. Be5 Nbd7 11. Nxd5 Nxe5 12. Nxf6+ Bxf6 0-1

[Event "*** Titled Tuesday Blitz"]
[Site "Chess.com"]
[Date "2020.05.12"]
[Round "4"]
[White "alishersuleymenov"]
[Black "Unknown_IM"]
[Result "0-1"]
[WhiteElo "2796"]
[BlackElo "2548"]
[TimeControl "180+1"]
[EndTime "10:33:48 PDT"]
[Termination "Unknown_IM won by resignation"]

1. d4 d5 2. Bf4 e6 3. e3 c5 4. c3 Bd6 5. Bg3 Ne7 6. Bd3 Nbc6 7. Nf3 b6 8. Nbd2 Bb7 9. Qe2 h6 10. Rd1 Qc7 11. dxc5 bxc5 12. e4 Bxg3 13. hxg3 O-O 14. g4 Qf4 15. g3 Qc7 16. g5 c4 17. Bc2 Ne5 0-1

[Event "*** Titled Tuesday Blitz"]
[Site "Chess.com"]
[Date "2020.05.12"]
[Round "4"]
[White "WildBizon"]
[Black "Paralinch"]
[Result "0-1"]
[WhiteElo "2700"]
[BlackElo "2889"]
[TimeControl "180+1"]
[EndTime "10:33:55 PDT"]
[Termination "Paralinch won by resignation"]

1. e4 c5 2. Nc3 e6 3. Nf3 Nf6 4. d4 cxd4 5. Nxd4 Nc6 6. Ndb5 d6 7. Bf4 e5 8. Bg5 a6 9. Na3 Be6 10. Nc4 Rb8 11. Bxf6 Qxf6 12. Nd5 Bxd5 13. Qxd5 Nb4 14. Qd2 d5 15. exd5 Rd8 16. Ne3 Bc5 17. Bc4 Bxe3 18. Qxb4 Qxf2+ 19. Kd1 Qxg2 20. Re1 Qg4+ 21. Re2 Rxd5+ 0-1

[Event "*** Titled Tuesday Blitz"]
[Site "Chess.com"]
[Date "2020.05.12"]
[Round "4"]
[White "the_drake"]
[Black "Everyfishknows"]
[Result "1/2-1/2"]
[WhiteElo "2209"]
[BlackElo "2378"]
[TimeControl "180+1"]
[EndTime "10:33:57 PDT"]
[Termination "Game drawn by agreement"]

1. e4 e5 2. Nf3 Nc6 3. Bc4 Nf6 4. d3 Be7 5. c3 O-O 6. Bb3 d5 7. Bg5 dxe4 8. Bxf6 Bxf6 9. dxe4 Qxd1+ 10. Bxd1 Be6 11.
Nbd2 Rfd8 12. Be2 g6 13. O-O-O Be7 14. Bc4 Bxc4 15. Nxc4 f6 16. Kc2 Kf7 17. Rhe1 Ke6 18. Ne3 Bc5 19. Nd2 Bxe3 20. Rxe3 Rd7 21. Nb3 b6 22. Red3 Rad8 23. f3 Rxd3 24. Rxd3 Rxd3 25. Kxd3 a5 26. Kc4 1/2-1/2

[Event "*** Titled Tuesday Blitz"]
[Site "Chess.com"]
[Date "2020.05.12"]
[Round "4"]
[White "fidezivkovic"]
[Black "Quiet_Desperation"]
[Result "1-0"]
[WhiteElo "2362"]
[BlackElo "1893"]
[TimeControl "180+1"]
[EndTime "10:34:01 PDT"]
[Termination "fidezivkovic won by resignation"]

1. e4 e6 2. d3 c5 3. Nd2 Nc6 4. g3 d6 5. Bg2 g6 6. Ngf3 Bg7 7.
O-O Nge7 8. c3 O-O 9. d4 cxd4 10. cxd4 Nxd4 11. Nxd4 Bxd4 12. Nc4 Bc5 13. a3 a5 14. Bh6 Re8 15. b4 axb4 16. axb4 Ba7 17. Nxd6 Nc6 18. Nxe8 Qxe8 19. b5 Ne7 20. Rxa7 1-0

[Event "*** Titled Tuesday Blitz"]
[Site "Chess.com"]
[Date "2020.05.12"]
[Round "4"]
[White "Klaus1995"]
[Black "Sven_Tica"]
[Result "0-1"]
[WhiteElo "1780"]
[BlackElo "2639"]
[TimeControl "180+1"]
[EndTime "10:34:12 PDT"]
[Termination "Sven_Tica won by checkmate"]

1. e4 c5 2. Nf3 Nf6 3. d4 Nxe4 4. Bd3 d5 5. dxc5 Nxc5 6. Be3 Nxd3+ 7. Qxd3 Nc6 8. Nc3 e6 9. g4 Bd7 10. g5 Bd6 11. h4 Qa5 12. O-O-O Nb4 13. Qd4 Nxa2+ 14. Nxa2 Qxa2 15. Qxg7 Qa1+ 16. Kd2 Bb4+ 17. Ke2 Bb5+ 18. Rd3 Bxd3+ 19. Kxd3 Qa6+ 20. Kd4 Qc4+ 21. Ke5 Qe4+ 22. Kf6 Be7# 0-1

[Event "*** Titled Tuesday Blitz"]
[Site "Chess.com"]
[Date "2020.05.12"]
[Round "4"]
[White "ulkaf961"]
[Black "Kimster98"]
[Result "0-1"]
[WhiteElo "2191"]
[BlackElo "2561"]
[TimeControl "180+1"]
[EndTime "10:34:13 PDT"]
[Termination "Kimster98 won by resignation"]

1. b3 e5 2. Bb2 Nc6 3. g3 f5 4. Bg2 d6 5. e3 Nf6 6. Ne2 g6 7. O-O Bg7 8. f4 O-O 9. Bxc6 bxc6 10.
fxe5 Ng4 11. Nd4 dxe5 12. Nxc6 Qd6 13. Na5 Qd5 14. Nc4 Bb7 0-1

[Event "*** Titled Tuesday Blitz"]
[Site "Chess.com"]
[Date "2020.05.12"]
[Round "4"]
[White "Trickov"]
[Black "Ariadna_Atreides"]
[Result "1-0"]
[WhiteElo "2288"]
[BlackElo "2074"]
[TimeControl "180+1"]
[EndTime "10:34:16 PDT"]
[Termination "Trickov won by resignation"]

1. d4 e6 2. Nf3 Nf6 3. g3 c5 4. Bg2 Nc6 5. O-O cxd4 6. Nxd4 Bc5 7. Nb3 Be7 8. c4 O-O 9. Nc3 b6 10. Bf4 Bb7 11. Bd6 Bxd6 12. Qxd6 Ne8 13. Qd2 Qe7 14.
Rfd1 Rd8 15. Nd4 a6 16. Nxc6 Bxc6 17. Bxc6 dxc6 18. Qxd8 1-0

[Event "*** Titled Tuesday Blitz"]
[Site "Chess.com"]
[Date "2020.05.12"]
[Round "4"]
[White "GeorgMeier"]
[Black "Koksik_13"]
[Result "1-0"]
[WhiteElo "3022"]
[BlackElo "2554"]
[TimeControl "180+1"]
[EndTime "10:34:17 PDT"]
[Termination "GeorgMeier won by checkmate"]

1. Nf3 d5 2. g3 Nf6 3. Bg2 g6 4. d4 Bg7 5. O-O Kf8 6. c4 c6 7. cxd5 cxd5 8. Nc3 h6 9. Ne5 Kg8 10. Bf4 Kh7 11. Nxf7 Qf8 12. Nxh8 Bxh8 13. Nxd5 Nc6 14.
Nc7 Rb8 15. d5 Nd8 16. Ne6 Nxe6 17. Bxb8 Ng5 18. Bxa7 Ng4 19. Bd4 Nxh2 20. Kxh2 Qf5 21. Bxh8 Nh3 22. Qd4 Qxf2 23. Qg7# 1-0

[Event "*** Titled Tuesday Blitz"]
[Site "Chess.com"]
[Date "2020.05.12"]
[Round "4"]
[White "maurito96"]
[Black "Olga_Girya"]
[Result "0-1"]
[WhiteElo "2206"]
[BlackElo "2424"]
[TimeControl "180+1"]
[EndTime "10:34:27 PDT"]
[Termination "Olga_Girya won by resignation"]

1. c4 c6 2. Nf3 d5 3. e3 Nf6 4. b3 Bg4 5. Bb2 e6 6. h3 Bh5 7. g4 Bg6 8. d3 Nbd7 9. Nbd2 Bd6 10. Be2 a5 11. a3 Qe7 12. Qc2 e5 13.
Nh4 Nc5 14. b4 axb4 15. axb4 Rxa1+ 16. Bxa1 Ne6 17. c5 Bc7 18. Nf5 Qd7 19. Nxg7+ Nxg7 0-1

[Event "*** Titled Tuesday Blitz"]
[Site "Chess.com"]
[Date "2020.05.12"]
[Round "4"]
[White "Jospem"]
[Black "LazovT"]
[Result "1-0"]
[WhiteElo "2867"]
[BlackElo "2682"]
[TimeControl "180+1"]
[EndTime "10:34:28 PDT"]
[Termination "Jospem won by resignation"]

1. c4 g6 2. Nc3 Bg7 3. d4 d6 4.
Nf3 Nd7 5. g3 e5 6. Bg2 f5 7.
O-O Nh6 8. Bg5 Nf6 9. dxe5 dxe5 10. Qxd8+ Kxd8 11. Nd5 Ng8 12. Nxe5 Be6 13. Nf4 Ke7 14.
Bxb7 Re8 15. Nc6+ Kf8 16. Nxe6+ Rxe6 17. Nxa7 h6 18. Be3 Ne4 19. Bd5 Ra6 20. Nb5 c6 21. Nc7 Ra4 22. Bxc6 Rxc4 23. Ne6+ Kf7 24. Bd5 Rc2 25.
Nd4+ 1-0

[Event "*** Titled Tuesday Blitz"]
[Site "Chess.com"]
[Date "2020.05.12"]
[Round "4"]
[White "IMAghasiyevKamal"]
[Black "Off-War"]
[Result "1/2-1/2"]
[WhiteElo "2515"]
[BlackElo "2740"]
[TimeControl "180+1"]
[EndTime "10:34:33 PDT"]
[Termination "Game drawn by repetition"]

1. d4 d6 2. c4 g6 3. Nc3 Bg7 4. g3 c5 5. dxc5 Bxc3+ 6. bxc3 dxc5 7. Qxd8+ Kxd8 8. Bg2 Ke8 9. Be3 Na6 10. Rb1 Kd7 11.
Bxb7 Rb8 12. Bxc8+ Kxc8 13. Rxb8+ Kxb8 14. Nf3 Nf6 15. Ne5 Rf8 16. f3 Kc7 17. Kf2 Nd7 18. Nxd7 Kxd7 19.
Rb1 Kc6 20. Rb5 Rd8 21. Ke1 Rd7 22. Ra5 Kb6 23. Rb5+ Kc6 24. Ra5 Kb6 25. Rb5+ Kc6 1/2-1/2

[Event "*** Titled Tuesday Blitz"]
[Site "Chess.com"]
[Date "2020.05.12"]
[Round "4"]
[White "EugeneRougon"]
[Black "Sanyura"]
[Result "1-0"]
[WhiteElo "2757"]
[BlackElo "2508"]
[TimeControl "180+1"]
[EndTime "10:34:37 PDT"]
[Termination "EugeneRougon won by checkmate"]

1. e4 c5 2. Nf3 e6 3. g3 Nc6 4. Bg2 Nge7 5. O-O d5 6. exd5 exd5 7. d4 cxd4 8. Nxd4 Be6 9. Nxe6 fxe6 10. Re1 Qd7 11.
Bh3 Qd6 12. Rxe6 Qb4 13. Nc3 d4 14. Nd5 Qa5 15. Qh5+ Kd8 16. Rd6# 1-0

[Event "*** Titled Tuesday Blitz"]
[Site "Chess.com"]
[Date "2020.05.12"]
[Round "4"]
[White "NotFischer"]
[Black "krasavetc"]
[Result "1-0"]
[WhiteElo "2111"]
[BlackElo "2299"]
[TimeControl "180+1"]
[EndTime "10:34:44 PDT"]
[Termination "NotFischer won by resignation"]

1. Nf3 Nf6 2. g3 d6 3. d4 Nbd7 4. Bg2 g6 5. O-O Bg7 6. c4 O-O 7. Nc3 Re8 8. e4 e5 9. h3 c6 10. Be3 exd4 11. Nxd4 Qc7 12. Qc2 Nc5 13. Rad1 Nfxe4 14.
Nxe4 Bf5 15. Nxf5 gxf5 16. Nxd6 Rxe3 17. fxe3 Ne4 18. Nxe4 fxe4 19. Bxe4 Qxg3+ 20. Qg2 Qxe3+ 21. Kh1 Kh8 22. Rxf7 Rg8 23. Rxg7 Rxg7 1-0

[Event "*** Titled Tuesday Blitz"]
[Site "Chess.com"]
[Date "2020.05.12"]
[Round "4"]
[White "LikeWater"]
[Black "Munkhzul_Turmunkh"]
[Result "1-0"]
[WhiteElo "2699"]
[BlackElo "2475"]
[TimeControl "180+1"]
[EndTime "10:34:47 PDT"]
[Termination "LikeWater won by resignation"]

1. e4 c5 2. Nf3 d6 3. Nc3 Nf6 4. e5 dxe5 5. Nxe5 a6 6. g3 Nbd7 7. d4 e6 8. Be3 cxd4 9. Bxd4 Bb4 10. Bg2 O-O 11. O-O Qc7 12. Nxd7 Bxd7 13. Bxf6 gxf6 14.
Qg4+ Kh8 15. Qxb4 Bc6 16. Bxc6 Qxc6 17. Rad1 Rad8 18. Qf4 e5 19. Qg4 Rg8 20. Rxd8 Rxd8 21. Rd1 Rg8 22. Qf5 1-0

[Event "*** Titled Tuesday Blitz"]
[Site "Chess.com"]
[Date "2020.05.12"]
[Round "4"]
[White "mortngabriel"]
[Black "Blitzking642"]
[Result "1-0"]
[WhiteElo "2445"]
[BlackElo "2266"]
[TimeControl "180+1"]
[EndTime "10:34:56 PDT"]
[Termination "mortngabriel won by resignation"]

1. e4 c5 2. Nf3 Nc6 3. d4 cxd4 4. Nxd4 g6 5. Nc3 Bg7 6. Be3 Nf6 7. Bc4 O-O 8. Bb3 Re8 9. O-O d6 10. h3 Bd7 11. f4 Rc8 12. Kh1 Na5 13. e5 Nh5 14. e6 Ng3+ 15. Kg1 Nxf1 16. exf7+ Kh8 17. fxe8=Q+ Qxe8 18.
Qxf1 Nxb3 19. axb3 a6 20. Nf3 1-0

[Event "*** Titled Tuesday Blitz"]
[Site "Chess.com"]
[Date "2020.05.12"]
[Round "4"]
[White "NormWeinstein"]
[Black "PawnEatingZombie"]
[Result "1-0"]
[WhiteElo "2431"]
[BlackElo "2168"]
[TimeControl "180+1"]
[EndTime "10:34:59 PDT"]
[Termination "NormWeinstein won by resignation"]

1. e4 c6 2. d4 d5 3. exd5 cxd5 4. c4 Nf6 5. Nc3 g6 6. cxd5 Bg7 7. Bc4 O-O 8. Nge2 Na6 9. O-O Nc7 10. Nf4 b5 11.
Nxb5 Nxb5 12. Bxb5 Rb8 13. Bc4 g5 14. Nh5 Nxd5 15. Nxg7 Kxg7 16. Bxg5 Rxb2 17. Qh5 Rb6 18. Bxd5 1-0

[Event "*** Titled Tuesday Blitz"]
[Site "Chess.com"]
[Date "2020.05.12"]
[Round "4"]
[White "krstulov_alex"]
[Black "Konavets"]
[Result "0-1"]
[WhiteElo "2549"]
[BlackElo "2942"]
[TimeControl "180+1"]
[EndTime "10:35:01 PDT"]
[Termination "Konavets won by resignation"]

1. d4 Nf6 2. c4 e6 3. Nf3 Bb4+ 4. Bd2 Qe7 5. g3 Bxd2+ 6. Qxd2 Nc6 7. Nc3 d6 8. d5 Nb8 9. Bg2 e5 10. O-O a5 11. b3 O-O 12. a3 Na6 13. Rab1 Bf5 14.
Rb2 Nc5 15. b4 axb4 16. axb4 Na4 17. Nxa4 Rxa4 18. Ra2 Rfa8 19. Rxa4 Rxa4 20. Qb2 Qe8 21. Ra1 Qa8 22. Rxa4 Qxa4 23. Ne1 Qd1 24. Qc3 Qxe2 25.
Bf3 Qa2 26. Kg2 Ne4 27. Qc2 Qxc2 28. Nxc2 Nd2 29. Ne3 Bd3 30. c5 Nxf3 31. Kxf3 f5 32. g4 Be4+ 33. Ke2 f4 34. cxd6 cxd6 35. Nc4 Bxd5 36.
Nxd6 Kf8 37. h4 Ke7 38. Nc8+ Ke6 39. Kd3 Bf3 40. g5 Kf5 41. Nd6+ Kg4 42. Nf7 e4+ 43.
Kd4 Kxh4 44. Nd6 Kxg5 0-1

[Event "*** Titled Tuesday Blitz"]
[Site "Chess.com"]
[Date "2020.05.12"]
[Round "4"]
[White "top_bu_tz"]
[Black "AquivaRubinstein"]
[Result "0-1"]
[WhiteElo "2206"]
[BlackElo "2423"]
[TimeControl "180+1"]
[EndTime "10:35:01 PDT"]
[Termination "AquivaRubinstein won by resignation"]

1. e4 g6 2. d4 Bg7 3. Bc4 c6 4. Nc3 d6 5. Nf3 Nf6 6. Qe2 O-O 7. h3 b5 8. Bb3 a5 9. a4 b4 10. Nd1 Ba6 11. Qe3 Nbd7 12. e5 dxe5 13. dxe5 Nd5 14. Qd4 Qc7 15. Bxd5 cxd5 16. Bf4 Qxc2 17. Nd2 Nc5 0-1

[Event "*** Titled Tuesday Blitz"]
[Site "Chess.com"]
[Date "2020.05.12"]
[Round "4"]
[White "Camels1981"]
[Black "Yuri202062"]
[Result "0-1"]
[WhiteElo "2300"]
[BlackElo "2476"]
[TimeControl "180+1"]
[EndTime "10:35:22 PDT"]
[Termination "Yuri202062 won by resignation"]

1. e4 c5 2. Nf3 e6 3. d4 cxd4 4. Nxd4 a6 5. Nc3 d6 6. Bc4 b5 7.
Bb3 Nf6 8. O-O Be7 9. Qf3 Qc7 10.
Qg3 O-O 11. Bh6 Ne8 12. Rad1 Bd7 13. f4 Nc6 14. Nxc6 Bxc6 15. f5 Kh8 16. f6 gxh6 17. fxe7 Qxe7 18. e5 Rg8 19. exd6 Rxg3 0-1

[Event "*** Titled Tuesday Blitz"]
[Site "Chess.com"]
[Date "2020.05.12"]
[Round "4"]
[White "axvesik"]
[Black "temus_galaktionov"]
[Result "0-1"]
[WhiteElo "2508"]
[BlackElo "2749"]
[TimeControl "180+1"]
[EndTime "10:35:26 PDT"]
[Termination "temus_galaktionov won by resignation"]

1. e4 c6 2. d4 g6 3. Nc3 Bg7 4. Nf3 d6 5. Be3 Nd7 6. Qd2 e5 7. O-O-O Qa5 8. Bc4 Ngf6 9. h3 O-O 10. Kb1 b5 11.
Bb3 b4 12. Ne2 Nxe4 13. Qd3 d5 14. dxe5 Ba6 15. c4 bxc3 16. Qc2 cxb2 17. Bd2 Nxd2+ 18. Rxd2 Nxe5 19. Ned4 Nxf3 20. gxf3 Rac8 0-1

[Event "*** Titled Tuesday Blitz"]
[Site "Chess.com"]
[Date "2020.05.12"]
[Round "4"]
[White "exoticprincess"]
[Black "Berardino"]
[Result "1-0"]
[WhiteElo "2841"]
[BlackElo "2623"]
[TimeControl "180+1"]
[EndTime "10:35:31 PDT"]
[Termination "exoticprincess won by resignation"]

1. d4 d5 2. c4 e6 3. Nc3 Be7 4. cxd5 exd5 5. Bf4 Nf6 6. e3 O-O 7. Bd3 c5 8. Nge2 Nc6 9. O-O c4 10. Bc2 a6 11. a3 Bg4 12. f3 Bh5 13. g4 Bg6 14. h4 Bxc2 15. Qxc2 b5 16. Ng3 b4 17. Nce2 bxa3 18. bxa3 g6 19. h5 Re8 20. Kg2 Bd6 21.
hxg6 fxg6 22. Rh1 Bxf4 23. exf4 Ra7 24. Rh6 Rae7 25. Rah1 Nd7 26. f5 Nf8 27. fxg6 Nxg6 28. Rxg6+ hxg6 29. Qxg6+ Rg7 30. Qxc6 Re3 31. Nf4 Rxa3 32.
Qe6+ Rf7 33. Qg6+ 1-0

[Event "*** Titled Tuesday Blitz"]
[Site "Chess.com"]
[Date "2020.05.12"]
[Round "4"]
[White "GMJustin"]
[Black "RATNAKARAN"]
[Result "0-1"]
[WhiteElo "2335"]
[BlackElo "2573"]
[TimeControl "180+1"]
[EndTime "10:35:33 PDT"]
[Termination "RATNAKARAN won on time"]

1. e4 e6 2. f4 c5 3. Nf3 Nc6 4. c3 d5 5. e5 d4 6. Bd3 f5 7.
exf6 Nxf6 8. O-O Bd6 9. g3 O-O 10. Na3 e5 11. fxe5 Nxe5 12. Nxe5 Bxe5 13. Nc4 Bc7 14. b4 b5 0-1

[Event "*** Titled Tuesday Blitz"]
[Site "Chess.com"]
[Date "2020.05.12"]
[Round "4"]
[White "Sergey85Rodchenkov"]
[Black "Man-Chuk"]
[Result "0-1"]
[WhiteElo "2494"]
[BlackElo "2711"]
[TimeControl "180+1"]
[EndTime "10:35:34 PDT"]
[Termination "Man-Chuk won by resignation"]

1. e4 c6 2. d4 d5 3. exd5 cxd5 4.
Bd3 Nc6 5. c3 Nf6 6. h3 g6 7.
Qc2 Bg7 8. Nf3 O-O 9. O-O Nd7 10. Qb3 Nb6 11. Re1 Bf5 12. Bf1 Re8 13. Bg5 f6 14.
Bf4 e5 15. dxe5 fxe5 16. Bg5 Qd7 17. Nbd2 e4 18. Nh4 Be6 19. Qb5 h6 20. Be3 g5 21.
Ng6 Bf5 22. Bxb6 axb6 23. c4 0-1

[Event "*** Titled Tuesday Blitz"]
[Site "Chess.com"]
[Date "2020.05.12"]
[Round "4"]
[White "CalinGheorghiu"]
[Black "robertofabregas"]
[Result "1-0"]
[WhiteElo "2311"]
[BlackElo "2092"]
[TimeControl "180+1"]
[EndTime "10:35:36 PDT"]
[Termination "CalinGheorghiu won by resignation"]

1. d4 Nf6 2. c4 e6 3. Nc3 Bb4 4.
f3 b6 5. a3 Bxc3+ 6. bxc3 c5 7. e4 O-O 8. Bd3 Ne8 9. f4 Nc6 10. Nf3 Ba6 11. Qe2 Na5 12. d5 Nd6 13. Nd2 f5 14. e5 Ne4 15. Nxe4 fxe4 16. Qxe4 Qh4+ 17. g3 exd5 18. Qxd5+ 1-0

[Event "*** Titled Tuesday Blitz"]
[Site "Chess.com"]
[Date "2020.05.12"]
[Round "4"]
[White "cassoulet"]
[Black "THE_PLAYER6"]
[Result "1-0"]
[WhiteElo "2665"]
[BlackElo "2471"]
[TimeControl "180+1"]
[EndTime "10:35:45 PDT"]
[Termination "cassoulet won by resignation"]

1. e4 c5 2. Nc3 Nc6 3. g3 g6 4. Bg2 Bg7 5. d3 e6 6. Be3 d6 7. h4 h5 8. Qd2 Rb8 9. Nh3 b5 10.
a3 Nd4 11. O-O Ne7 12. f4 f5 13. Ng5 O-O 14. Rae1 a5 15. Nd1 b4 16. axb4 axb4 17.
c3 bxc3 18. bxc3 Nb3 19. Qa2 Bd7 20. Rf2 Qb6 21. Rb2 Qb5 22. Bf2 Bf6 23. exf5 exf5 24. Rxe7 Bxe7 25. Rxb3 Qxd3 26. Rxb8+ 1-0

[Event "*** Titled Tuesday Blitz"]
[Site "Chess.com"]
[Date "2020.05.12"]
[Round "4"]
[White "vladimir_petrov"]
[Black "Vamostodorecto"]
[Result "1-0"]
[WhiteElo "2315"]
[BlackElo "2447"]
[TimeControl "180+1"]
[EndTime "10:36:01 PDT"]
[Termination "vladimir_petrov won by checkmate"]

1. e4 e5 2. Nf3 Nc6 3. Nc3 Nf6 4. d4 exd4 5. Nxd4 Nxe4 6. Nxc6 Nxc3 7. Nxd8 Nxd1 8. Nxf7 Nxf2 9. Kxf2 Kxf7 10. Bc4+ Kg6 11. Rf1 Bc5+ 12. Kg3 Bd6+ 13. Kh3 Bf4 14. Bd3+ Kh5 15.
g4+ Kh6 16. Bxf4+ g5 17. Be5 Re8 18. Rf7 Rg8 19. Rxh7# 1-0